 Dungeon Crawl Stone Soup version 0.27-a0-1196-g3e9cee4cb2 (webtiles) character file.

Game seed: 102122957638594383

37 polve the Chopper (level 3, 0/29 HPs)
             Began as a Demonspawn Abyssal Knight on May 29, 2021.
             Was a Follower of Lugonu.
             Slain by Natasha (2 damage)
             ... on level 2 of the Dungeon.
             The game lasted 00:01:26 (1484 turns).

polve the Chopper (Demonspawn Abyssal Knight)       Turns: 1484, Time: 00:01:27

Health: 0/29       AC: 10    Str: 11 (13) XL:     3   Next: 23%
Magic:  4/4        EV:  2    Int: 13      God:    Lugonu [*.....]
Gold:   31         SH:  0    Dex: 11 (12) Spells: 2/2 levels left

rFire    . . .     SeeInvis .   a - +1 hand axe
rCold    . . .     Faith    .   (no shield)
rNeg     . . .     Spirit   .   d - +0 plate armour
rPois    .         Reflect  .   (no helmet)
rElec    .         Harm     .   (no cloak)
rCorr    .         Rampage  .   (no gloves)
Will     .....                  (no boots)
Stlth    ..........             (no amulet)
HPRegen  0.00/turn              (no ring)
MPRegen  0.09/turn              (no ring)

@: no status effects
A: demonic guardian 1, deterioration 1, inhibited regeneration
a: Renounce Religion, Depart the Abyss


You were on level 2 of the Dungeon.
You worshipped Lugonu.
Lugonu was aware of your devotion.
You visited 1 branch of the dungeon, and saw 2 of its levels.
You visited the Abyss 1 time.

You collected 31 gold pieces.

Inventory:

Hand Weapons
 a - a +1 hand axe (weapon)
Armour
 b - a +0 leather armour
 d - a +0 plate armour (worn)
Scrolls
 c - a scroll of fear {unknown}
 e - a scroll of identify {unknown}
 f - 3 scrolls of magic mapping {unknown}


   Skills:
 - Level 3.0 Fighting
 + Level 3.4 Axes
 - Level 1.7 Armour
 - Level 0.8 Dodging
 - Level 2.4 Invocations


You had 2 spell levels left.
You didn't know any spells.
Your spell library was empty.

Dungeon Overview and Level Annotations

Branches:
Dungeon (2/15)

Altars:
Gozag

Annotations:
D:2 Natasha


Innate Abilities, Weirdness & Mutations

A weak demonic guardian rushes to your aid.
Your body sometimes deteriorates upon taking damage.
You do not regenerate when monsters are visible.


Message History

The crimson imp blinks!
Natasha claws you but does no damage.
You hit Natasha but do no damage. Natasha claws you.
Your body deteriorates!
You feel weakened.
You barely miss Natasha. Natasha claws you but does no damage.
You miss Natasha.
Natasha mumbles some strange words.
Your plate armour prevents you from hitting Natasha.
You hit the crimson imp but do no damage.
Natasha stares at you and mumbles some strange words.
The magic dart hits you but does no damage.
The crimson imp blinks! x2
You hit Natasha.
Natasha is lightly wounded.
You barely miss the crimson imp. Natasha claws you but does no damage.
The crimson imp hits you but does no damage.
Natasha claws you but does no damage.
You hit Natasha.
Natasha is heavily wounded.
You hit the crimson imp.
The crimson imp hits you but does no damage.
The crimson imp blinks!
Natasha claws you but does no damage.
You hit Natasha.
Natasha is severely wounded.
You hit the crimson imp.
The crimson imp disappears in a puff of smoke!
Natasha barely misses you.
You closely miss Natasha.
Natasha is severely wounded.
Natasha claws you.
* * * LOW HITPOINT WARNING * * *
Your body deteriorates!
You feel clumsy.
You hit Natasha.
Natasha is severely wounded.
Natasha claws you.
* * * LOW HITPOINT WARNING * * *
A demonic guardian appears!
You completely miss Natasha.
Natasha is severely wounded.
Natasha claws you.
You die...

#.........#
##......##..
#.........#
##......##.
#.........#
##......##
..........#
##......# ........#
##...... ........#
##..... ....5...#
###.... #.......####
###......
#......lh@5#
###......##
..###.####.#
###......### .
........#+#......###
###.####.#......###
#. #......###
###..### ####


You could see Natasha (ally target), a crimson imp (summoned), a frilled lizard
and a friendly ufetubus (summoned).

Vanquished Creatures
  An adder (D:2)
  An adder skeleton (D:2)
  A dart slug (D:2)
  2 endoplasms (D:1)
  A goblin (D:2)
  A hobgoblin (D:1)
  4 kobolds
  3 ball pythons
  5 bats
  2 frilled lizards (D:1)
  A rat (D:1)
22 creatures vanquished.

Vanquished Creatures (collateral kills)
  A worm (D:2)
1 creature vanquished.

Grand Total: 23 creatures vanquished

Notes
Turn   | Place    | Note
-------+----------+-------------------------------------------
     0 | Abyss:1  | polve the Demonspawn Abyssal Knight began the quest for the
                  | Orb.
     0 | Abyss:1  | Reached XP level 1. HP: 18/18 MP: 2/2
    89 | Abyss:1  | Found a corrupted altar of Lugonu.
   125 | Abyss:1  | Noticed an eidolon
   148 | Abyss:1  | Noticed a neqoxec
   149 | Abyss:1  | Gained mutation: Your body sometimes deteriorates upon
                  | taking damage. [a neqoxec]
   155 | Abyss:1  | Gained mutation: You do not regenerate when monsters are
                  | visible. [a neqoxec]
   175 | Abyss:2  | Noticed a small abomination
   191 | D:1      | Escaped the Abyss
   288 | D:1      | Reached * piety under Lugonu
   817 | D:1      | Gained mutation: A weak demonic guardian rushes to your
                  | aid. [demonic ancestry]
   817 | D:1      | Reached XP level 2. HP: 23/24 MP: 3/3
   862 | D:1      | Found a faded altar of an unknown god.
  1154 | D:2      | Found an opulent altar of Gozag.
  1275 | D:2      | Reached XP level 3. HP: 28/29 MP: 4/4
  1459 | D:2      | Noticed Natasha
  1484 | D:2      | Slain by Natasha

Illustrated notes

Levels and vault maps discovered:
D:1:      tarquinn_simple_flora_water_f, layout_basic,
          hellmonk_ecumenical_altar_inner_sanctum
D:2:      minmay_razor_zed, layout_basic, basic_altar, minmay_hexomino_p4,
          uniq_sigmund, uniq_jessica, uniq_natasha, uniq_crazy_yiuf_cottage

Skill      XL: |  1  2 |
---------------+-------+-----
Axes           | 2 3 |  3.4
Fighting       | |  3.0
Armour         | |  1.7
Dodging        | |  0.8
Invocations    | |  2.4

Action                   || total
-------------------------++-------
Melee: Hand axe          ||    90
Invok: Depart the Abyss  ||     1
Armor: Plate armour      ||    73
       Leather armour    ||     3
Dodge: Dodged            ||    15

Table legend: (Time is in decaauts)
 A = Elapsed time spent in this place.
 B = Non-inter-level travel time spent in this place.
 C = Inter-level travel time spent in this place.
 D = Time resting spent in this place.
 E = Time spent auto-exploring this place.
 F = Levels seen in this place.
 G = Mean time per level.
                   A        B        C        D        E       F      G
               +--------+--------+--------+--------+--------+-----+--------+
         Total |   1501 |   1470 |     31 |      0 |   1211 |   4 |  375.2 |
       Dungeon |   1307 |   1276 |     31 |      0 |   1074 |   2 |  653.5 |
         Abyss |    193 |    193 |      0 |      0 |    137 |   2 |   96.5 |
               +--------+--------+--------+--------+--------+-----+--------+

Top non-repeatable levels by time:
     D:1: 969 daAuts
     D:2: 337 daAuts
 Abyss:1: 168 daAuts
 Abyss:2: 25 daAuts
